 Dungeon Crawl Stone Soup version 0.19.0-16-g73b5abf (webtiles) character file.

19 Jerry the Firebug (level 2, 0/28 HPs)
             Began as a Demonspawn Fire Elementalist on Nov 11, 2016.
             Slain by a jackal (1 damage)
             ... on level 1 of the Dungeon.
             The game lasted 00:03:06 (917 turns).

Jerry the Firebug (Demonspawn Fire Elementalist)     Turns: 917, Time: 00:03:07

Health: 0/28       AC: 21    Str:  8    XL:     2   Next: 55%
Magic:  0/5        EV:  2    Int: 16    God:
Gold:   54         SH:  0    Dex: 13    Spells: 2 memorised, 2 levels left

rFire  . . .     SeeInvis .     e - +0 dagger
rCold  . . .     Gourm    .     (armour currently unavailable)
rNeg   + + +     Faith    .     (no shield)
rPois  +         Spirit   .     (helmet currently unavailable)
rElec  .         Reflect  .     (cloak currently unavailable)
rCorr  .         Harm     .     (gloves currently unavailable)
MR     .....     NoTele   +     (boots currently unavailable)
Stlth  ++........               (no amulet)
                                (no ring)
                                (no ring)

@: tree-form
A: (claws 0)
a: no special abilities


You were on level 1 of the Dungeon.
You were hungry.
You were a tree.
You visited 1 branch of the dungeon, and saw 1 of its levels.

You collected 54 gold pieces.

Inventory:

Hand Weapons
 e - a +0 dagger (weapon)
Armour
 a - a +0 robe (melded)
Scrolls
 f - a scroll of remove curse {unknown}
Potions
 d - a potion of lignification
 g - a potion of curing {unknown}
Books
 b - a book of Flames

   Spells                             Type                      Level
   a - Flame Tongue                   Conjuration/Fire             1
   b - Throw Flame                    Conjuration/Fire             2
   c - Conjure Flame                  Conjuration/Fire             3
   d - Inner Flame                    Hexes/Fire                   3
   e - Sticky Flame                   Conjuration/Fire             4
   f - Fireball                       Conjuration/Fire             5
Comestibles
 c - a bread ration
 h - a meat ration


   Skills:
 - Level 1.7 Dodging
 - Level 1.7 Stealth
 + Level 2.2 Spellcasting
 + Level 1.8 Conjurations
 + Level 3.0 Fire Magic


You had 2 spell levels left.
You knew the following spells:

 Your Spells              Type           Power        Failure   Level  Hunger
a - Flame Tongue          Conj/Fire      #....        10%         1    #......
b - Throw Flame           Conj/Fire      #.....       14%         2    ###....


Dungeon Overview and Level Annotations

Branches:
Dungeon (1/15)

Altars:


Innate Abilities, Weirdness & Mutations

((You have sharp fingernails.))


Message History

Casting: Flame Tongue
Confirm with . or Enter, or press ? or * to list all spells.
Aiming: Flame Tongue
Press: ? - help, Shift-Dir - straight line, f - jackal
Aim: a jackal (moderately wounded)
The flame tongue hits the jackal.
You kill the jackal!
The jackal barely misses you.
You hit the jackal but do no damage. The jackal barely misses you.
You barely miss the jackal. The jackal bites you. The jackal barely misses you.
You barely miss the jackal. The jackal bites you.
You closely miss the jackal. The jackal bites you.
* * * LOW HITPOINT WARNING * * *
You hit the jackal but do no damage. The jackal bites you.
* * * LOW HITPOINT WARNING * * *
The jackal closely misses you.
It was a potion of lignification.
You turn into a tree.
Your +0 robe melds into your body.
Your roots penetrate the ground.
The jackal bites you.
You die...

#............#
#...
###(...........#
#...
.....h.........#
#...
.........h.....#
#...
....####...h...#
#### . #######.#
#.# #h# #♣#
#.################
#.................
##################


You could see a jackal.

Vanquished Creatures
  A dart slug (D:1)
  2 goblins (D:1)
  2 hobgoblins (D:1)
  3 jackals (D:1)
  7 kobolds (D:1)
  A rat (D:1)
16 creatures vanquished.

Vanquished Creatures (others)
  4 toadstools (D:1)
4 creatures vanquished.

Grand Total: 20 creatures vanquished

Notes
Turn   | Place    | Note
-------+----------+-------------------------------------------
     0 | D:1      | Jerry the Demonspawn Fire Elementalist began the quest for the Orb.
     0 | D:1      | Reached XP level 1. HP: 13/13 MP: 3/3
   390 | D:1      | Gained mutation: You have sharp fingernails. [demonic ancestry]
   390 | D:1      | Reached XP level 2. HP: 19/19 MP: 3/5
   454 | D:1      | Learned a level 2 spell: Throw Flame
   532 | D:1      | Reached skill level 3 in Fire Magic
   917 | D:1      | Slain by a jackal

Skill      XL: |  1  2 |
---------------+-------+-----
Fire Magic     | 3 |  3.0
Dodging        | |  1.7
Stealth        | |  1.7
Spellcasting   | |  2.2
Conjurations   | |  1.8

Action                   || total
-------------------------++-------
Melee: Dagger            ||    15
 Cast: Flame Tongue      ||    19
       Throw Flame       ||     5
  Use: Potion            ||     1
Armor: Robe              ||     3
Dodge: Dodged            ||    15
